 Dungeon Crawl Stone Soup version 0.29-a0-923-g6e406bff71 (webtiles) character file.

Game seed: 16360235474650546048

70 inmateoo the Trooper (level 4, 0/35 HPs)
             Began as a Mummy Fighter on July 27, 2022.
             Killed from afar by an orc wizard (11 damage)
             ... with a puff of flame
             ... on level 3 of the Dungeon.
             The game lasted 00:03:14 (2184 turns).

inmateoo the Trooper (Mummy Fighter)                Turns: 2184, Time: 00:03:14

Health: 0/35       AC: 11    Str: 21    XL:     4   Next: 3%
Magic:  13/13      EV:  5    Int:  7    God:
Gold:   124        SH:  9    Dex: 11    Spells: 3/3 levels left

rFire   . . .      SeeInvis .   m - +2 war axe (freeze)
rCold   . . .      Faith    .   c - +0 buckler
rNeg    + + +      Spirit   .   d - +0 plate armour
rPois   ∞          Reflect  +   (no helmet)
rElec   .          Harm     .   (no cloak)
rCorr   .          Rampage  .   (no gloves)
Will    .....                   (no boots)
Stlth   ..........              k - amulet of reflection
HPRegen 0.11/turn               e - ring of fire
MPRegen 0.13/turn               g - ring of magical power

@: no status effects
A: cold resistance 1, negative energy resistance 3, torment resistance 2, heat
vulnerability 1, in touch with death 1, no potions
a: no special abilities


You were on level 3 of the Dungeon.
You visited 1 branch of the dungeon, and saw 4 of its levels.

You collected 124 gold pieces.

Inventory:

Hand Weapons
 a - a +0 war axe
 l - a +2 dagger of venom
 m - a +2 war axe of freezing (weapon)
Missiles
 f - 2 throwing nets (quivered)
Armour
 c - a +0 buckler (worn)
 d - a +0 plate armour (worn)
Jewellery
 e - a ring of fire (left hand)
 g - a ring of magical power (right hand)
 k - an amulet of reflection (around neck)
Scrolls
 b - 2 scrolls of vulnerability
 i - a scroll of butterflies
 j - a scroll of immolation {unknown}


   Skills:
 + Level 3.4 Fighting
 * Level 2.5 Axes
 + Level 2.8 Armour
 + Level 2.8 Shields


You had 3 spell levels left.
You didn't know any spells.
Your spell library contained the following spells:

 Spells                   Type           Power      Damage    Failure   Level
 Necrotise                Necr           0%         1d4       100%        1
 Ignite Poison            Fire/Tmut/Pois 0%         N/A       100%        3
 Mephitic Cloud           Conj/Pois/Air  0%         N/A       100%        3
 Vampiric Draining        Necr           0%         2d6       100%        3
 Agony                    Necr           0%         N/A       100%        5
 Freezing Cloud           Conj/Ice/Air   0%         6-21      100%        5


Dungeon Overview and Level Annotations

Branches:
Dungeon (4/15)
 Temple: D:4-7

Altars:
Trog

Shops:
D:2 (


Innate Abilities, Weirdness & Mutations

You are immune to poison.
Your flesh is cold resistant. (rC+)
You are immune to negative energy. (rN+++)
You are immune to unholy pain and torment.
You are vulnerable to heat. (rF-)
You are in touch with the powers of death.
You do not drink.


Message History

The hobgoblin shouts!
The orc wizard casts a spell at you. You resist with some effort.
You block the orc's attack.
As you read the scroll of identify, it crumbles to dust.
i - a scroll of butterflies The orc hits you but does no damage.
You hit the orc. You freeze the orc.
The orc is heavily wounded.
The orc hits you but does no damage.
You slash the orc! You freeze the orc.
You kill the orc!
The orc wizard gestures at you while chanting.
The magic dart hits you but does no damage.
You have reached level 4!
Found a ring mail.
Found a stone staircase leading up.
You slash the hobgoblin! You freeze the hobgoblin.
You kill the hobgoblin!
The orc wizard gestures wildly while chanting.
The orc wizard flickers and vanishes!
Deactivating autopickup; reactivate with Ctrl-A.
You are confused.
You bump into the rock wall.
You're too confused to move!
You bump into the rock wall.
Something hits you but does no damage.
There is a stone staircase leading up here.
You feel less confused. Something hits you but does no damage.
You climb upwards.
Reactivating autopickup.
There is a stone staircase leading down here.
Deactivating autopickup; reactivate with Ctrl-A.
You hit something. You freeze something. Something hits you but does no damage.
Something hits you but does no damage. Something hits you but does no damage.
You hear some strange, mumbled words.
A puff of flame appears from out of thin air!
The puff of flame hits you!
You die...

..## .##
###..###...
. ........
...###.....#
...........#
#.....#
#r{...#
#.....#
#@....#
#..######
##. ##


You could see a quokka.

Vanquished Creatures
  2 adders
  A worm (D:2)
  2 dart slugs
  An orc (D:4)
  5 bats
  4 endoplasms
  A giant cockroach (D:1)
  8 goblins
  3 hobgoblins
  2 quokkas
  3 ball pythons
  2 frilled lizards (D:1)
  6 kobolds
40 creatures vanquished.

Notes
Turn   | Place    | Note
-------+----------+-------------------------------------------
     0 | D:1      | inmateoo the Mummy Fighter began the quest for the Orb.
     0 | D:1      | Reached XP level 1. HP: 18/18 MP: 1/1
   314 | D:1      | Reached XP level 2. HP: 24/24 MP: 2/2
  1011 | D:2      | Found Vikh's Weapon Shop.
  1274 | D:2      | Gained mutation: You are in touch with the powers of death.
                  | [Mummy growth]
  1274 | D:2      | Reached XP level 3. HP: 25/29 MP: 3/3
  1435 | D:2      | Found a bloodstained altar of Trog.
  2151 | D:3      | Identified the +0 robe of Icetyg {Will+ Dex+5}
  2168 | D:4      | Reached XP level 4. HP: 9/35 MP: 4/4
  2184 | D:3      | Killed from afar by an orc wizard

Illustrated notes

Levels and vault maps discovered:
D:1:      heliophobic_arrival_glass_houses, layout_basic
D:2:      layout_loops_corners, basic_altar, serial_shops, shop
D:3:      layout_rooms, doesnt_xom_only_xom,
          mainiacjoe_overflow_surrounded_room, nicolae_ecumenical_snake_handling
D:4:      layout_loops_corners, eat_drink_and_be_merry_uskayaw

Skill      XL: |  1  2 |
---------------+-------+-----
Axes           | 2 |  2.5
Fighting       | |  3.4
Armour         | |  2.8
Shields        | |  2.8

Action                   |  1- 3 |  4- 6 || total
-------------------------+-------+-------++-------
Melee: War axe           |   110 |     2 ||   112
  Use: Scroll            |     3 |       ||     3
Armor: Plate armour      |    68 |     5 ||    73
Dodge: Dodged            |    34 |       ||    34
Block: Buckler           |    36 |       ||    36

Table legend: (Time is in decaauts)
 A = Elapsed time spent in this place.
 B = Non-inter-level travel time spent in this place.
 C = Inter-level travel time spent in this place.
 D = Time resting spent in this place.
 E = Time spent auto-exploring this place.
 F = Levels seen in this place.
 G = Mean time per level.
                   A        B        C        D        E       F      G
               +--------+--------+--------+--------+--------+-----+--------+
         Total |   2230 |   2085 |    145 |    197 |   1453 |   4 |  557.5 |
       Dungeon |   2230 |   2085 |    145 |    197 |   1453 |   4 |  557.5 |
               +--------+--------+--------+--------+--------+-----+--------+

Top non-repeatable levels by time:
     D:2: 1148 daAuts
     D:1: 1007 daAuts
     D:3: 53 daAuts
     D:4: 21 daAuts
